AoeStats
← Pwncakes

Black Forest

509129995Analyzed
4v4 RM · 6d ago on Sep 25, 2026· 19m 52s· 8 players
Game mode
Random Map
Map size
Large (8 player)
Population
200
Speed
Normal
Resources
Standard
Victory
Conquest
Starting age
Dark Age
Ending age
Imperial Age
RankedLock teamsTeams togetherTeam positionsShared explorationLock speedFull tech treeHidden civsTurbo modeCheats
Victory
Defeat
🇫🇮 Bohemians · Finland
1600
+11
🇫🇷 Danes · France
1594
+11
🇦🇷 Teutons · Argentina
1591
+11
🇭🇰 Saxons · Hong Kong SAR China
1534
+13
🇦🇷 Ethiopians · Argentina
1493
-12
🇪🇸 Koreans · Spain
1492
-12
🇺🇸 Danes · United States
1470
-11
🇨🇦 Varangians · Canada
1460
-11
Im2Good4YoMoma
2:30 Loom
12:23 Feudal Age
13:06 Double-Bit Axe
16:00 Castle Age
16:11 Fishing Lines
17:32 Bow Saw
18:29 Gillnets
Pwncakes
0:43 Loom
Kupuka
13:12 Feudal Age
16:48 Castle Age
15:11 Double-Bit Axe
15:20 Horse Collar
17:50 Bow Saw
18:44 Heavy Plow
Garabatov
0:50 Loom
10:57 Feudal Age
13:44 Fletching
ElMaestro
pray4u
0:47 Loom
18:03 Feudal Age
peke
11:03 Feudal Age
12:35 Double-Bit Axe
15:30 Castle Age
13:46 Fishing Lines
16:31 Bow Saw
Sunset
6:34 Loom
8:54 Feudal Age
9:05 Man-at-Arms
17:25 Fletching
Connection lost

Rejoining the realm…

Still unreachable

The connection could not be restored.

Session expired

The server has moved on; the page needs a fresh start.